 Dungeon Crawl Stone Soup version 0.29-a0-23-ga79f92ac9c (webtiles) character file.

Game seed: 541605494507640646

9979 arthad the Nimble (level 11, 0/86 HPs)
             Began as a Gnoll Wanderer on Jan 31, 2022.
             Was the Champion of Okawaru.
             Slain by a ten-headed hydra (6 damage)
             ... on level 11 of the Dungeon.
             The game lasted 00:39:41 (13758 turns).

arthad the Nimble (Gnoll Wanderer)                 Turns: 13758, Time: 00:39:42

Health: 0/86       AC: 18    Str: 20    XL:     11   Next: 55%
Magic:  20/20      EV: 18    Int:  8    God:    Okawaru [******]
Gold:   1525       SH:  0    Dex: 17    Spells: 22/22 levels left

rFire   . . .      SeeInvis +   P - +5 battleaxe (vorpal)
rCold   . . .      Faith    .   (shield currently unavailable)
rNeg    . . .      Spirit   .   p - +3 scale mail {rPois}
rPois   +          Reflect  .   d - +0 helmet
rElec   .          Harm     .   s - +0 cloak
rCorr   .          Rampage  .   (no gloves)
Will    .....                   (no boots)
Stlth   ++++......              S - amulet of magic regeneration
HPRegen 0.24/turn               w - +6 ring of strength
MPRegen 0.57/turn               A - ring of see invisible

@: heroic
A: fangs 1, strong nose, distributed training, iridescent scales 1, poison
resistance, shaggy fur 1
a: Renounce Religion, Heroism, Finesse, Duel


You were on level 11 of the Dungeon.
You worshipped Okawaru.
Okawaru was exalted by your worship.
You visited 1 branch of the dungeon, and saw 11 of its levels.
You also visited: Ossuary.

You collected 1558 gold pieces.
You spent 33 gold pieces at shops.

Inventory:

Hand Weapons
 a - a +3 halberd of freezing
 i - a +2 short sword of speed
 l - a +1 scimitar of electrocution
 C - a +3 quarterstaff of chaos
 P - a +5 vorpal battleaxe (weapon)
 Q - a +3 great sword of freezing
Missiles
 b - 3 curare-tipped darts
 y - 4 javelins
 F - 154 arrows
 J - 39 poisoned darts (quivered)
 M - 5 atropa-tipped darts
 T - 60 bolts
Armour
 d - a +0 helmet (worn)
 p - a +3 scale mail of poison resistance (worn)
 s - a +0 cloak (worn)
 z - a +2 chain mail of willpower
Jewellery
 f - a ring of fire
 w - a +6 ring of strength (left hand)
 A - a ring of see invisible (right hand)
 O - a +6 ring of intelligence
 S - an amulet of magic regeneration (around neck)
 Y - a ring of ice
Wands
 o - a wand of polymorph (14)
 G - a wand of acid (19)
 R - a wand of flame (10)
 W - a wand of charming (7)
Scrolls
 h - 4 scrolls of identify
 j - a scroll of enchant armour
 k - 10 scrolls of teleportation
 m - a scroll of immolation
 t - 2 scrolls of fear
 v - a scroll of torment
 B - a scroll of enchant weapon
 E - a scroll of magic mapping
 I - a scroll of fog
 L - a scroll of silence
Potions
 n - 2 potions of mutation
 r - a potion of cancellation
 u - 3 potions of curing
 x - 3 potions of berserk rage
 H - 2 potions of invisibility
 K - 2 potions of magic
 U - a potion of haste
 V - a potion of heal wounds
 X - a potion of resistance


   Skills:
 + Level 8.0(13.0) Fighting
 + Level 6.4(11.4) Short Blades
 + Level 6.4(11.4) Long Blades
 + Level 6.4(11.4) Axes
 + Level 6.4(11.4) Maces & Flails
 + Level 6.4(11.4) Polearms
 + Level 6.4(11.4) Staves
 + Level 6.4(11.4) Slings
 + Level 6.4(11.4) Bows
 + Level 6.4(11.4) Crossbows
 + Level 9.2(14.2) Throwing
 + Level 6.4(11.4) Armour
 + Level 9.2(14.2) Dodging
 + Level 6.4(11.4) Stealth
 + Level 6.4(11.4) Shields
 + Level 8.0(13.0) Unarmed Combat
 + Level 6.4 Spellcasting
 + Level 5.3 Conjurations
 + Level 5.3 Hexes
 + Level 5.3 Summonings
 + Level 5.3 Necromancy
 + Level 5.3 Translocations
 + Level 5.3 Transmutations
 + Level 5.3 Fire Magic
 + Level 5.3 Ice Magic
 + Level 5.3 Air Magic
 + Level 5.3 Earth Magic
 + Level 5.3 Poison Magic
 + Level 7.0 Invocations
 + Level 6.4 Evocations


You had 22 spell levels left.
You didn't know any spells.
Your spell library contained the following spells:

 Spells                   Type           Power      Damage    Failure   Level
 Corpse Rot               Necr/Air       22%        N/A       9%          2
 Poisonous Vapours        Pois/Air       22%        N/A       9%          2
 Cause Fear               Hex            5%         N/A       50%         4
 Dragon Form              Tmut           5%         N/A       100%        7
 Dragon's Call            Summ           Unusable   N/A       N/A         9

Dungeon Overview and Level Annotations

Branches:
Dungeon (11/15)            Temple (0/1) D:6             Orc (0/2) D:9
Ossuary (visited)
   Lair: D:8-11

Altars:
Okawaru
Xom

Shops:
D:2 :   D:4 *

Annotations:
D:5 1 runed translucent door, southernslant's ghost, novice GrFi


Innate Abilities, Weirdness & Mutations

You have very sharp teeth.
Your uncanny sense of smell can sniff out nearby items.
Your experience applies equally to all skills.
You are partially covered in iridescent scales. (AC +2)
Your system is resistant to poisons. (rPois)
You are covered in fur. (AC +1)


Message History

Unknown command.
You hack one of the eight-headed hydra's heads off!
The seven-headed hydra grows two more!
You slash the nine-headed hydra!
The nine-headed hydra is almost dead.
You completely miss the centaur warrior zombie.
The nine-headed hydra bites you!
The nine-headed hydra closely misses you.
The nine-headed hydra bites you. The nine-headed hydra bites you!
The nine-headed hydra bites you.
The nine-headed hydra completely misses you. x4
The centaur warrior zombie hits you but does no damage.
The centaur warrior zombie kicks you but does no damage.
The nine-headed hydra closely misses you.
The nine-headed hydra bites you.
The nine-headed hydra barely misses you.
The nine-headed hydra bites you. x2
* * * LOW HITPOINT WARNING * * *
The nine-headed hydra bites you!
* * * LOW HITPOINT WARNING * * *
The nine-headed hydra misses you.
The nine-headed hydra bites you but does no damage.
The nine-headed hydra misses you.
Unknown command.
Unknown command.
You chop one of the nine-headed hydra's heads off!
The eight-headed hydra grows two more!
You slice the ten-headed hydra!! You bite the ten-headed hydra.
The ten-headed hydra is almost dead.
You hit the centaur warrior zombie. The centaur warrior zombie hits you.
* * * LOW HITPOINT WARNING * * *
The centaur warrior zombie closely misses you.
The centaur warrior zombie barely misses you.
The centaur warrior zombie completely misses you.
The ten-headed hydra bites you but does no damage.
The ten-headed hydra closely misses you. x2
The ten-headed hydra bites you!
* * * LOW HITPOINT WARNING * * *
The ten-headed hydra closely misses you.
The ten-headed hydra bites you.
You die...

#####
#...#
#.@.#
#.ZD.#
#...##
...#....#
.......##
....⌠.
.......##
...#....#
#...##


You could see a ten-headed hydra (corroded) and a centaur warrior zombie.

Vanquished Creatures
  A hydra (D:9)
  A two-headed ogre (D:7)
  A death drake (D:9)
  Pikel (D:4)
  A cyclops (D:11)
  Maurice (D:8)
  A hornet (D:7)
  A shadow (D:10)
  6 yaks
  A wyvern (D:9)
  The ghost of Clumpoid the Covered, an amateur GnWn (D:4)
  2 steam dragons
  3 vampire mosquitoes (D:10)
  Menkaure (D:4)
  An acid dragon (D:10)
  3 water moccasins (D:7)
  6 orc warriors
  2 ice beasts
  2 sky beasts
  A black bear (D:6)
  A necrophage (D:6)
  2 ogres
  3 centaurs
  A phantom (D:6)
  2 lemures (D:4)
  3 kobold brigands
  4 bullfrogs
  4 water moccasin zombies (Ossuary)
  4 scorpions
  A wyvern skeleton (D:7)
  5 killer bees (D:10)
  8 wights
  2 howler monkeys (D:9)
  A crimson imp (D:4)
  2 centaur zombies
  3 hounds
  A jelly (D:4)
  Crazy Yiuf (D:4)
  8 orc priests
  A bullfrog skeleton (D:7)
  Terence (D:2)
  Natasha (thrice) (D:2)
  2 iguanas
  10 orc wizards
  A killer bee zombie (D:8)
  A hound zombie (D:5)
  2 mummies (Ossuary)
  3 howler monkey zombies
  Robin (D:4)
  8 adders
  4 gnolls (D:8)
  2 shadow imps
  A white imp (D:5)
  2 ufetubi
  3 adder zombies (Ossuary)
  An adder skeleton (D:4)
  2 dart slugs (D:4)
  28 orcs
  4 ball pythons
  3 bats
  4 endoplasms
  A giant cockroach (D:1)
  11 gnoll zombies (Ossuary)
  14 goblins
  12 hobgoblins
  2 jackals (D:1)
  13 kobolds
  5 quokkas
  4 frilled lizards
  6 hobgoblin zombies (Ossuary)
  5 kobold zombies (Ossuary)
  4 orc zombies (Ossuary)
  3 rats
260 creatures vanquished.

Vanquished Creatures (others)
  An orc priest (D:9)
  An orc (D:9)
  2 withered plants (D:5)
4 creatures vanquished.

Grand Total: 264 creatures vanquished

Notes
Turn   | Place    | Note
-------+----------+-------------------------------------------
     0 | D:1      | arthad the Gnoll Wanderer began the quest for the Orb.
     0 | D:1      | arthad set off with the following items: a +0 vorpal
                  | dagger, 2 curare-tipped darts, a potion of lignification, a
                  | +0 helmet, a +0 leather armour
     0 | D:1      | Reached XP level 1. HP: 20/20 MP: 1/1
   395 | D:1      | Reached XP level 2. HP: 16/26 MP: 2/2
  1436 | D:2      | Found a faded altar of an unknown god.
  1436 | D:2      | Noticed a Hell Sentinel
  1445 | D:2      | Prayed at the altar of an unknown god.
  1445 | D:2      | Became a worshipper of Warmaster Okawaru
  1445 | D:2      | Reached * piety under Okawaru
  1485 | D:2      | Reached XP level 3. HP: 31/31 MP: 3/3
  1544 | D:2      | Found Geezeim's Book Boutique.
  1547 | D:2      | Noticed Natasha
  1558 | D:2      | Killed Natasha
  1559 | D:2      | Reached skill level 1 in Invocations
  1622 | D:2      | Noticed Natasha
  1633 | D:2      | Killed Natasha
  1634 | D:2      | Reached skill level 1 in Short Blades
  1634 | D:2      | Reached skill level 1 in Long Blades
  1634 | D:2      | Reached skill level 1 in Axes
  1634 | D:2      | Reached skill level 1 in Maces & Flails
  1634 | D:2      | Reached skill level 1 in Polearms
  1634 | D:2      | Reached skill level 1 in Staves
  1634 | D:2      | Reached skill level 1 in Slings
  1634 | D:2      | Reached skill level 1 in Bows
  1634 | D:2      | Reached skill level 1 in Crossbows
  1634 | D:2      | Reached skill level 1 in Armour
  1634 | D:2      | Reached skill level 1 in Stealth
  1634 | D:2      | Reached skill level 1 in Shields
  1634 | D:2      | Reached skill level 1 in Spellcasting
  1634 | D:2      | Reached skill level 1 in Evocations
  1634 | D:2      | Reached XP level 4. HP: 17/38 MP: 5/5
  2024 | D:2      | Reached skill level 1 in Conjurations
  2024 | D:2      | Reached skill level 1 in Hexes
  2024 | D:2      | Reached skill level 1 in Summonings
  2024 | D:2      | Reached skill level 1 in Necromancy
  2024 | D:2      | Reached skill level 1 in Translocations
  2024 | D:2      | Reached skill level 1 in Transmutations
  2024 | D:2      | Reached skill level 1 in Fire Magic
  2024 | D:2      | Reached skill level 1 in Ice Magic
  2024 | D:2      | Reached skill level 1 in Air Magic
  2024 | D:2      | Reached skill level 1 in Earth Magic
  2024 | D:2      | Reached skill level 1 in Poison Magic
  2156 | D:2      | Noticed Natasha
  2172 | D:2      | Killed Natasha
  2183 | D:2      | Reached XP level 5. HP: 31/43 MP: 6/6
  2446 | D:2      | Noticed Terence
  2472 | D:2      | Killed Terence
  3233 | D:3      | Found a shimmering altar of Xom.
  3413 | D:4      | Noticed Menkaure
  3422 | D:4      | Gained mutation: Your system is resistant to poisons.
                  | (rPois) [potion of mutation]
  3422 | D:4      | Gained mutation: You are covered in fur. (AC +1) [potion of
                  | mutation]
  3422 | D:4      | Gained mutation: You are partially covered in iridescent
                  | scales. (AC +2) [potion of mutation]
  3425 | D:4      | Killed Menkaure
  3425 | D:4      | Reached ** piety under Okawaru
  3426 | D:4      | Reached XP level 6. HP: 22/50 MP: 8/8
  3664 | D:4      | Found a large runed translucent door.
  3664 | D:4      | Found a large runed translucent door.
  3664 | D:4      | Noticed Clumpoid's ghost (amateur GnWn)
  3764 | D:4      | Found a sand-covered staircase.
  3769 | Ossuary  | Entered an ossuary
  3803 | Ossuary  | Reached skill level 5 in Fighting
  3803 | Ossuary  | Reached skill level 5 in Unarmed Combat
  3952 | Ossuary  | Reached XP level 7. HP: 45/56 MP: 10/10
  4406 | D:4      | Noticed Robin
  4432 | D:4      | Killed Robin
  4502 | D:4      | Noticed Grinder
  4503 | D:4      | Noticed Grinder
  4503 | D:4      | Grinder changed into Grinder the crimson imp
  4529 | D:4      | Killed Grinder the crimson imp
  4677 | D:4      | Found a runed translucent door.
  4678 | D:4      | Noticed Crazy Yiuf
  4737 | D:4      | Killed Crazy Yiuf
  4928 | D:4      | Noticed Pikel
  4978 | D:4      | Killed Pikel
  4978 | D:4      | Reached *** piety under Okawaru
  4979 | D:4      | Reached XP level 8. HP: 11/64 MP: 12/12
  5497 | D:4      | Found Qaoduo's General Store.
  5563 | D:4      | Bought a scroll of teleportation for 33 gold pieces
  5687 | D:4      | Killed Clumpoid's ghost
  5849 | D:5      | Entered Level 5 of the Dungeon
  5888 | D:5      | Received a gift from Okawaru
  6201 | D:5      | Found a runed translucent door.
  6201 | D:5      | Noticed southernslant's ghost (novice GrFi)
  6418 | D:5      | Reached XP level 9. HP: 62/69 MP: 14/14
  6859 | D:6      | Found a staircase to the Ecumenical Temple.
  7155 | D:6      | Reached **** piety under Okawaru
  7368 | D:6      | Received a gift from Okawaru
  7898 | D:7      | Reached skill level 5 in Invocations
  8226 | D:7      | Noticed a two-headed ogre
  8231 | D:7      | Noticed a hornet
  8238 | D:7      | Killed a two-headed ogre
  8238 | D:7      | Reached ***** piety under Okawaru
  8238 | D:7      | Killed a hornet
  8239 | D:7      | Reached skill level 5 in Short Blades
  8239 | D:7      | Reached skill level 5 in Long Blades
  8239 | D:7      | Reached skill level 5 in Axes
  8239 | D:7      | Reached skill level 5 in Maces & Flails
  8239 | D:7      | Reached skill level 5 in Polearms
  8239 | D:7      | Reached skill level 5 in Staves
  8239 | D:7      | Reached skill level 5 in Slings
  8239 | D:7      | Reached skill level 5 in Bows
  8239 | D:7      | Reached skill level 5 in Crossbows
  8239 | D:7      | Reached skill level 5 in Armour
  8239 | D:7      | Reached skill level 5 in Stealth
  8239 | D:7      | Reached skill level 5 in Shields
  8239 | D:7      | Reached skill level 5 in Spellcasting
  8239 | D:7      | Reached skill level 5 in Evocations
  8239 | D:7      | Reached XP level 10. HP: 67/77 MP: 15/17
  9241 | D:8      | HP: 3/79 [gnoll (7)]
 10181 | D:8      | Noticed Maurice
 10187 | D:8      | Killed Maurice
 10776 | D:9      | Noticed a two-headed ogre
 10790 | D:9      | Noticed a death drake
 10790 | D:9      | a two-headed ogre changed into a death drake
 11165 | D:9      | Received a gift from Okawaru
 11183 | D:9      | Reached XP level 11. HP: 48/84 MP: 19/19
 11428 | D:9      | Killed a death drake
 11431 | D:9      | HP: 3/84 [orc warrior (14)]
 11594 | D:9      | Reached skill level 5 in Conjurations
 11594 | D:9      | Reached skill level 5 in Hexes
 11594 | D:9      | Reached skill level 5 in Summonings
 11594 | D:9      | Reached skill level 5 in Necromancy
 11594 | D:9      | Reached skill level 5 in Translocations
 11594 | D:9      | Reached skill level 5 in Transmutations
 11594 | D:9      | Reached skill level 5 in Fire Magic
 11594 | D:9      | Reached skill level 5 in Ice Magic
 11594 | D:9      | Reached skill level 5 in Air Magic
 11594 | D:9      | Reached skill level 5 in Earth Magic
 11594 | D:9      | Reached skill level 5 in Poison Magic
 11931 | D:9      | Found a staircase to the Orcish Mines.
 11939 | D:9      | Noticed a four-headed hydra
 11954 | D:9      | Killed a four-headed hydra
 11954 | D:9      | Reached ****** piety under Okawaru
 11954 | D:9      | Received a gift from Okawaru
 12597 | D:10     | Entered Level 10 of the Dungeon
 12605 | D:10     | Identified a scroll of acquirement
 12606 | D:10     | Acquired 923 gold pieces
 12986 | D:10     | Received a gift from Okawaru
 13722 | D:11     | Noticed a five-headed hydra
 13748 | D:11     | Noticed a cyclops
 13753 | D:11     | Killed a cyclops
 13753 | D:11     | Received a gift from Okawaru
 13758 | D:11     | Slain by a ten-headed hydra

Illustrated notes

Levels and vault maps discovered:
D:1:      denvon_arrival_planthouse, layout_loops_ring
D:2:      layout_loops_ring, dreamdust_ecumenical_altar_sealed_demon,
          serial_shops, shop_fountains, uniq_natasha, uniq_terence
D:3:      layout_basic, nicolae_overflow_crystal_walls,
          nicolae_figureground_sparkle
D:4:      layout_gridville, ebering_ghost_disaster_area,
          nicolae_ossuary_entry_plus, serial_shops, nicolae_stop_n_shop_2,
          grunt_decor_arrowhead, uniq_robin, uniq_pikel, uniq_menkaure,
          uniq_grinder, uniq_crazy_yiuf_cottage
D:5:      layout_basic, gammafunk_ghost_grave, moated_statue,
          kennysheep_generic_room_7
D:6:      layout_loops_corners, minmay_temple_entry_statues_pillars
D:7:      layout_cave_pools, nicolae_elevator_lobby_asterisk
D:8:      layout_basic, minmay_orc_keep, uniq_maurice
D:9:      lemuel_ice_spiral_2, layout_irregular_city, orc_0_dummy
D:10:     layout_loops_ring
D:11:     layout_irregular_city, lair_entry_dummy,
          gammafunk_ghost_abyssal_escape, grunt_ministairs_12

Skill      XL: |  1  2  3  4  5  6  7  8  9 10 11 |
---------------+----------------------------------+-----
Invocations    | 1 2 3 4 5 6 7 |  7.0
Short Blades   | 1 2 3 5 6 |  6.4
Long Blades    | 1 2 3 5 6 |  6.4
Axes           | 1 2 3 5 6 |  6.4
Maces & Flails | 1 2 3 5 6 |  6.4
Polearms       | 1 2 3 5 6 |  6.4
Staves         | 1 2 3 5 6 |  6.4
Slings         | 1 2 3 5 6 |  6.4
Bows           | 1 2 3 5 6 |  6.4
Crossbows      | 1 2 3 5 6 |  6.4
Armour         | 1 2 3 5 6 |  6.4
Stealth        | 1 2 3 5 6 |  6.4
Shields        | 1 2 3 5 6 |  6.4
Spellcasting   | 1 2 3 5 6 |  6.4
Evocations     | 1 2 3 5 6 |  6.4
Conjurations   | 1 2 3 4 5 |  5.3
Hexes          | 1 2 3 4 5 |  5.3
Summonings     | 1 2 3 4 5 |  5.3
Necromancy     | 1 2 3 4 5 |  5.3
Translocations | 1 2 3 4 5 |  5.3
Transmutations | 1 2 3 4 5 |  5.3
Fire Magic     | 1 2 3 4 5 |  5.3
Ice Magic      | 1 2 3 4 5 |  5.3
Air Magic      | 1 2 3 4 5 |  5.3
Earth Magic    | 1 2 3 4 5 |  5.3
Poison Magic   | 1 2 3 4 5 |  5.3
Fighting       | 5 6 7 8 |  8.0
Unarmed Combat | 5 6 7 8 |  8.0
Throwing       | 7 8 9 |  9.2
Dodging        | 7 8 9 |  9.2

Action                   |  1- 3 |  4- 6 |  7- 9 | 10-12 || total
-------------------------+-------+-------+-------+-------++-------
Melee: Dagger            |    88 |       |    36 |       ||   124
       Bite              |     7 |    15 |    67 |    39 ||   128
       Short sword       |    37 |   161 |   216 |       ||   414
       Punch             |     2 |     4 |    12 |     4 ||    22
       Unarmed           |       |    20 |       |       ||    20
       Quarterstaff      |       |       |   200 |    12 ||   212
       Great sword       |       |       |     2 |    67 ||    69
       Scimitar          |       |       |       |   117 ||   117
       Battleaxe         |       |       |       |    94 ||    94
Throw: Dart              |       |     1 |     9 |    10 ||    20
Invok: Heroism           |       |       |     4 |     4 ||     8
Evoke: Wand              |       |       |     1 |     8 ||     9
  Use: Potion            |       |     4 |     6 |     5 ||    15
       Scroll            |       |     7 |       |    15 ||    22
 Stab: Distracted        |     1 |       |       |       ||     1
       Sleeping          |       |       |     2 |     2 ||     4
       Paralysed         |       |       |     1 |       ||     1
Armor: Leather armour    |    21 |     5 |       |       ||    26
       Scale mail        |       |    27 |   165 |   243 ||   435
       Skin              |       |     2 |       |       ||     2
Dodge: Dodged            |   100 |    82 |   251 |   391 ||   824

Table legend: (Time is in decaauts)
 A = Elapsed time spent in this place.
 B = Non-inter-level travel time spent in this place.
 C = Inter-level travel time spent in this place.
 D = Time resting spent in this place.
 E = Time spent auto-exploring this place.
 F = Levels seen in this place.
 G = Mean time per level.
                   A        B        C        D        E       F      G
               +--------+--------+--------+--------+--------+-----+--------+
         Total |  13695 |  13242 |    453 |   2717 |   8422 |  12 | 1141.2 |
       Dungeon |  13198 |  12745 |    453 |   2717 |   8073 |  11 | 1199.8 |
       Ossuary |    496 |    496 |      0 |      0 |    349 |   1 |  496.0 |
               +--------+--------+--------+--------+--------+-----+--------+

Top non-repeatable levels by time:
     D:8: 1823 daAuts
     D:4: 1810 daAuts
     D:9: 1646 daAuts
     D:2: 1462 daAuts
     D:1: 1329 daAuts
     D:7: 1275 daAuts
     D:6: 1175 daAuts
    D:10: 1170 daAuts
     D:5: 891 daAuts
     D:3: 599 daAuts
 Ossuary: 496 daAuts
    D:11: 13 daAuts
